 Dungeon Crawl Stone Soup version 0.31-a0-233-g139696dc86 (webtiles) character file.

Game seed: 10760974072401670602

364 qw the Shooter (level 6, -15/52 HPs)
             Began as a Minotaur Hexslinger on July 8, 2023.
             Was a Follower of Okawaru.
             Demolished by an ogre
             ... wielding a +0 giant spiked club
              (22 damage)
             ... on level 4 of the Dungeon.
             The game lasted 00:00:56 (2155 turns).

qw the Shooter (Minotaur Hexslinger)                Turns: 2155, Time: 00:00:57

Health: -15/52     AC:  8    Str: 15    XL:     6   Next: 39%
Magic:  4/6        EV: 14    Int: 10    God:    Okawaru [*.....]
Gold:   16         SH:  0    Dex: 15    Spells: 6/7 levels left

rFire   . . .        Y - +2 sling
rCold   . . .        (no shield)
rNeg    . . .        c - +0 ring mail of Quantum Leap {Str+3 Stlth+}
rPois   .            (helmet restricted)
rElec   .            k - +0 cloak
rCorr   .            (no gloves)
SInv    .            i - +0 pair of boots
Will    .....        (no amulet)
Stlth   +++          (no ring)
HPRegen 0.28/turn    (no ring)
MPRegen 0.10/turn

%: no passive effects
@: about to teleport, heroic
A: horns 2, retaliatory headbutt
a: Renounce Religion, Heroism


You were on level 4 of the Dungeon.
You worshipped Okawaru.
Okawaru was aware of your devotion.
You visited 1 branch of the dungeon, and saw 4 of its levels.

You collected 172 gold pieces.
You spent 156 gold pieces at shops.


Innate Abilities, Weirdness & Mutations

You have a pair of horns on your head.
You reflexively headbutt those who attack you in melee.


   Skills:
 + Level 3.7(8.7) Fighting
 - Level 6.6(11.6) Ranged Weapons
 - Level 1.1(6.1) Armour
 - Level 2.1(7.1) Dodging
 - Level 1.0 Spellcasting
 - Level 2.0 Hexes
 + Level 0.1 Invocations


You had 6 spell levels left.
You knew the following spells:

 Your Spells              Type           Power      Damage    Failure   Level
a - Slow                  Hex            16%        N/A       26%         1

Your spell library contained the following spells:

 Spells                   Type           Power      Damage    Failure   Level
 Inner Flame              Hex/Fire       2%         N/A       77%         3
 Portal Projectile        Hex/Tloc       4%         N/A       77%         3
 Cause Fear               Hex            2%         N/A       95%         4

Inventory:

Hand Weapons
 Y - a +2 sling (weapon)
Armour
 c - the +0 ring mail of Quantum Leap (worn) {Str+3 Stlth+}
   (You found it on level 2 of the Dungeon)

   Str:       It affects your strength (+3).
   Stlth:     It makes you more stealthy.
 i - a +0 pair of boots (worn)
 k - a +0 cloak (worn)
Wands
 n - a wand of digging (7)
Scrolls
 b - 2 scrolls of teleportation
 h - a scroll of identify
Potions
 d - a potion of attraction {unknown}
 e - a potion of might
 f - a potion of heal wounds
 g - a potion of haste
 j - a potion of cancellation {unknown}
 l - a potion of resistance {unknown}
 m - a potion of mutation {unknown}

Dungeon Overview and Level Annotations

Branches:
Dungeon (4/15)
 Temple: D:4-7

Altars:
Okawaru
Vehumet
Wu Jian

Shops:
D:3 *


Message History

Waypoint 3 assigned to D:4.
You shoot a sling bullet. The sling bullet hits the goblin.
You kill the goblin!
Okawaru accepts your kill.
Found a stone staircase leading down.
Your extra speed is starting to run out.
There is a stone staircase leading down here.
You feel yourself slow down.
There is a stone staircase leading up here.
An ogre comes into view. It is wielding a +0 giant spiked club.
2145 ||| INVOKING Heroism.
You fail to use your ability.
The ogre shouts!
2146 ||| INVOKING Heroism.
You gain the combat prowess of a mighty hero.
You shoot a sling bullet. The sling bullet hits the ogre.
The ogre is lightly wounded.
The ogre closely misses you. You furiously retaliate!
You headbutt the ogre. You shoot a sling bullet.
The sling bullet hits the ogre!
The ogre is heavily wounded.
The ogre hits you with a +0 giant spiked club!!
You shoot a sling bullet. The sling bullet hits the ogre.
The ogre is severely wounded.
You shoot a sling bullet. The sling bullet hits the ogre.
The ogre is severely wounded.
The ogre hits you with a +0 giant spiked club!
You shoot a sling bullet.
The sling bullet barely misses the ogre.
You shoot a sling bullet. The sling bullet hits the ogre.
The ogre is almost dead.
The ogre closely misses you.
You shoot a sling bullet. The sling bullet hits the ogre.
The ogre is almost dead.
You shoot a sling bullet. The sling bullet hits the ogre.
The ogre is almost dead.
The ogre hits you with a +0 giant spiked club!
2155 ||| READING 3 scrolls of teleportation.
As you read the scroll of teleportation, it crumbles to dust.
You feel strangely unstable.
The ogre hits you with a +0 giant spiked club!!
You die...

#################
.......>........#
#######.#######.#
#.# #.#
#.#######.#
#.......<.#
#.#O@...#.#
####.#.###)#.#
..........#.#.####
#####.#.#.#.#....#
#.#.#.#.###.##
..#.....# #.#
.#.#.###.# #.# #.
#.# #.# #.# # #.#
### #.#


You could see an ogre.

Vanquished Creatures
  Sigmund (D:3)
  A phantom (D:3)
  2 orc wizards (D:2)
  3 adders
  2 dart slugs
  3 orcs (D:3)
  8 endoplasms
  A giant cockroach (D:1)
  4 goblins
  5 hobgoblins
  6 kobolds
  2 quokkas
  5 ball pythons
  2 bats
  2 frilled lizards
  4 rats
51 creatures vanquished.

Notes
Turn   | Place    | Note
-------+----------+-------------------------------------------
     0 | D:1      | qw the Minotaur Hexslinger began the quest for the Orb.
     0 | D:1      | Reached XP level 1. HP: 16/16 MP: 1/1
     0 | D:1      | 0 ||| qw: Version: 0.3-a-46-gb1f654a
     0 | D:1      | 0 ||| qw: Game counter: 3571
     0 | D:1      | 0 ||| qw: Melee chars always use a shield: true
     0 | D:1      | 0 ||| qw: God list: Okawaru
     0 | D:1      | 0 ||| qw: Allow faded altars: false
     0 | D:1      | 0 ||| qw: Do Orc after clearing Dungeon:15 true
     0 | D:1      | 0 ||| qw: Do second Lair branch before Depths: true
     0 | D:1      | 0 ||| qw: Lair rune preference: random
     0 | D:1      | 0 ||| qw: Goals: Normal
     0 | D:1      | 0 ||| PLANNING D:1-11
   112 | D:1      | Reached skill level 3 in Ranged Weapons
   123 | D:1      | Reached XP level 2. HP: 23/23 MP: 2/2
   656 | D:1      | 656 ||| UPGRADING to +0 leather armour.
   666 | D:1      | 666 ||| DROPPING +0 robe.
   667 | D:1      | 667 ||| UPGRADING to +0 pair of boots.
   672 | D:1      | 672 ||| UPGRADING to +0 cloak.
   677 | D:1      | 677 ||| READING scroll labelled YNISYSCH IDIL.
   678 | D:1      | 678 ||| READING scroll labelled NUIDGH QE JAC.
   679 | D:1      | 679 ||| READING scroll labelled JOCUIF OZUGIAPS.
   680 | D:1      | 680 ||| READING scroll labelled ZIUPSE ZEXZATZ.
   685 | D:1      | 685 ||| DROPPING scroll of poison.
   698 | D:2      | Found an ornate altar of the Wu Jian Council.
   754 | D:2      | Found a faded altar of an unknown god.
   770 | D:2      | Reached XP level 3. HP: 29/29 MP: 3/3
   818 | D:2      | Identified the +0 ring mail of Quantum Leap {Str+3 Stlth+}
   904 | D:2      | Reached skill level 4 in Ranged Weapons
  1285 | D:2      | 1285 ||| UPGRADING to +0 ring mail.
  1295 | D:2      | 1295 ||| UPGRADING to +0 ring mail of Quantum Leap {Str+3
                  | Stlth+}.
  1305 | D:2      | 1305 ||| DROPPING +0 ring mail.
  1306 | D:2      | 1306 ||| DROPPING +0 leather armour.
  1307 | D:2      | 1307 ||| READING scroll labelled NIRO AVOUFIY.
  1339 | D:3      | Reached skill level 1 in Armour
  1390 | D:3      | Reached XP level 4. HP: 36/36 MP: 4/4
  1423 | D:3      | 1423 ||| FLEEEEING.
  1424 | D:3      | 1424 ||| FLEEEEING.
  1425 | D:3      | 1425 ||| FLEEEEING.
  1426 | D:3      | 1426 ||| FLEEEEING.
  1427 | D:3      | 1427 ||| FLEEEEING.
  1428 | D:3      | 1428 ||| FLEEEEING.
  1429 | D:3      | 1429 ||| FLEEEEING.
  1433 | D:3      | 1433 ||| FLEEEEING.
  1438 | D:3      | 1438 ||| FLEEEEING.
  1439 | D:3      | 1439 ||| FLEEEEING.
  1440 | D:3      | 1440 ||| FLEEEEING.
  1441 | D:3      | 1441 ||| FLEEEEING.
  1443 | D:3      | 1443 ||| FLEEEEING.
  1444 | D:3      | 1444 ||| FLEEEEING.
  1448 | D:3      | 1448 ||| STAIRDANCE
  1468 | D:2      | 1468 ||| READING scroll labelled MACEFAYWUV.
  1469 | D:2      | 1469 ||| DRINKING 2 glowing white potions.
  1470 | D:2      | 1470 ||| DROPPING potion of brilliance.
  1482 | D:3      | 1482 ||| STAIRDANCE
  1489 | D:2      | Reached skill level 5 in Ranged Weapons
  1588 | D:3      | Found an iron altar of Okawaru.
  1588 | D:3      | Found a radiant altar of Vehumet.
  1589 | D:3      | 1589 ||| PLANNING OKAWARU WORSHIP
  1589 | D:3      | 1589 ||| READING 2 scrolls labelled KOUMUBRO YSISK.
  1590 | D:3      | 1590 ||| DROPPING scroll of fear.
  1594 | D:3      | Became a worshipper of Warmaster Okawaru
  1595 | D:3      | 1595 ||| PLANNING D:1-11
  1626 | D:3      | Noticed a phantom
  1637 | D:3      | Killed a phantom
  1638 | D:3      | Reached skill level 3 in Fighting
  1638 | D:3      | Reached XP level 5. HP: 46/46 MP: 5/5
  1795 | D:3      | Found Qoyst's General Store.
  1798 | D:3      | 1798 ||| BUYING potion of might (52 gold).
  1798 | D:3      | Bought a potion of might for 52 gold pieces
  1798 | D:3      | 1798 ||| BUYING scroll of identify (26 gold).
  1798 | D:3      | Bought a scroll of identify for 26 gold pieces
  1798 | D:3      | 1798 ||| BUYING scroll of teleportation (39 gold).
  1798 | D:3      | Bought a scroll of teleportation for 39 gold pieces
  1798 | D:3      | 1798 ||| BUYING scroll of teleportation (39 gold).
  1798 | D:3      | Bought a scroll of teleportation for 39 gold pieces
  1814 | D:3      | Noticed Sigmund
  1829 | D:3      | Killed Sigmund
  1829 | D:3      | Reached * piety under Okawaru
  1830 | D:3      | Reached skill level 6 in Ranged Weapons
  1830 | D:3      | Reached XP level 6. HP: 32/52 MP: 6/6
  2048 | D:3      | 2048 ||| DRINKING 2 bubbling cyan potions.
  2049 | D:3      | 2049 ||| DRINKING 2 purple potions.
  2050 | D:3      | 2050 ||| READING 2 scrolls of identify.
  2050 | D:3      | 2050 ||| IDENTIFYING murky ruby potion
  2051 | D:3      | 2051 ||| DROPPING potion of lignification.
  2145 | D:4      | 2145 ||| INVOKING Heroism.
  2146 | D:4      | 2146 ||| INVOKING Heroism.
  2154 | D:4      | HP: 7/52 [ogre/+0 giant spiked club (9)]
  2155 | D:4      | 2155 ||| READING 3 scrolls of teleportation.
  2155 | D:4      | Demolished by an ogre

Levels and vault maps discovered:
D:1:      minmay_arrival_stair_chambers, layout_loops_cross, minmay_tetromino_o2
D:2:      layout_loops_cross, chequers_ecumenical_altar_simple_redux,
          basic_altar
D:3:      layout_rooms, gammafunk_temple_overflow_wave, serial_shops,
          nicolae_shop_behind_doors, uniq_sigmund
D:4:      minmay_chambers_of_threes, layout_basic

Skill      XL: |  1  2  3  4  5 |
---------------+----------------+-----
Ranged Weapons | 3 4 5 6 |  6.6
Fighting       | 2 3 |  3.7
Armour         | 1 |  1.1
Dodging        | |  2.1
Spellcasting   | |  1.0
Hexes          | |  2.0
Invocations    | |  0.1

Action                     |  1- 3 |  4- 6 || total
---------------------------+-------+-------++-------
   Fire: Sling             |    96 |    75 ||   171
 Invoke: Heroism           |       |     1 ||     1
    Use: Scroll            |     5 |     4 ||     9
         Potion            |       |     3 ||     3
 Armour: Robe              |     4 |       ||     4
         Leather armour    |     1 |       ||     1
         Ring mail         |       |     7 ||     7
  Dodge: Dodged            |    19 |    12 ||    31

Table legend:
 A = Non-vault XP
 B = Vault XP
 C = Vault XP percentage of total XP
 D = Non-vault monster count
 E = Vault monster count
 F = Vault count percentage of total count
                 A         B        C        D         E       F
            +---------+---------+-------+---------+---------+-------
      Total |     297 |     224 |  43.0 |      49 |       2 |   3.9
            +---------+---------+-------+---------+---------+-------
        D:1 |      36 |       1 |   2.7 |      19 |       1 |   5.0
        D:2 |     102 |       0 |   0.0 |      14 |       0 |   0.0
        D:3 |     157 |     223 |  58.7 |      15 |       1 |   6.2
        D:4 |       2 |       0 |   0.0 |       1 |       0 |   0.0
            +---------+---------+-------+---------+---------+-------
